Map: Pride of Altaris LE

Players

Vasari

  • Race: Terran Terran
  • League: Diamond
  • Spawn Location: 5:00

xObito - Winner!

  • Race: Zerg Zerg
  • League: Platinum
  • Spawn Location: 11:00

VOD

Have the link to the VOD?

Description

Map hack evidence. At:

5:26
views my base and fusion core
makes spore colonies soon after

8:27
views my base

8:50
without scouting, he views then attacks my expansion

11:10
views my base

13:50
sends corruptors straight to battlecruisers without scouting

Time

  • Played on: July 6, 2022, 9:48 p.m.
  • Length: 14:35
Show
View Real Time Build Order
Export as new Build Order

Vasari Terran 

Build Orders: Reaper Expand 

Get SALT Encoding   

  12  0:00  SCV  
  13  0:12  SCV  
  14  0:24  SCV  
  15  0:31  Supply Depot  
  15  0:39  Refinery  
  15  0:52  Refinery  
  15  0:53  SCV  
  15  0:54  Barracks  
  16  1:05  SCV  
  17  1:17  SCV  
  18  1:29  SCV  
  19  1:46  Reaper, Command Center  
  20  2:01  Factory  
  20  2:05  SCV  
  21  2:18  Orbital Command  
  21  2:23  Barracks Tech Lab  
  21  2:46  SCV  
  21  2:48  Barracks Tech Lab  
  22  2:58  SCV  
  23  3:11  SCV  
  24  3:18  Starport  
  24  3:23  SCV  
  24  3:25  Orbital Command  
  25  3:31  Barracks Tech Lab  
  25  3:35  SCV, Siege Tank  
  29  3:47  SCV  
  30  3:52  SCV  
  31  3:59  Refinery, SCV  
  32  4:04  SCV  
  32  4:07  Siege Tank  
  36  4:11  SCV  
  36  4:16  SCV  
  36  4:17  Fusion Core  
  38  4:24  Starport  
  38  4:30  Refinery  
  38  4:51  Supply Depot  
  38  5:08  Supply Depot  
  38  5:13  SCV x2, Siege Tank  
  43  5:25  SCV x2  
  45  5:29  Command Center  
  45  5:33  Battlecruiser  
  51  5:37  SCV x2  
  53  5:49  SCV  
  54  6:16  Supply Depot  
  54  6:20  Supply Depot  
  54  6:29  Armory x2  
  54  6:31  Weapon Refit  
  54  6:37  SCV x2, Siege Tank  
  59  6:40  Battlecruiser  
  65  6:50  SCV  
  66  7:10  Siege Tank  
  66  7:14  Engineering Bay  
  69  7:17  SCV x2  
  71  7:23  SCV  
  71  7:29  SCV x2  
  74  7:34  Refinery  
  74  7:35  SCV, Battlecruiser  
  81  7:37  Terran Ship Weapons Level 1, Terran Vehicle And Ship Armor Level 1  
  81  7:38  Refinery  
  81  7:41  SCV  
  81  7:42  SCV  
  83  7:49  Supply Depot  
  83  7:52  Supply Depot  
  83  7:55  Planetary Fortress  
  83  8:00  Command Center  
  83  8:10  Siege Tank  
  86  8:19  SCV x2  
  88  8:25  Battlecruiser  
  94  8:31  SCV  
  95  8:34  Starport  
  95  8:35  Barracks Tech Lab  
  95  8:36  SCV x2  
  97  8:43  SCV, Siege Tank  
  101  8:58  Supply Depot  
  101  9:07  Starport  
  101  9:10  Barracks Tech Lab  
  101  9:11  SCV x2  
  101  9:15  Siege Tank  
  85  9:43  SCV x2  
  87  9:45  Starport Tech Lab  
  87  9:55  SCV x2  
  87  9:59  Planetary Fortress  
  89  10:03  Battlecruiser  
  89  10:04  Battlecruiser  
  102  10:07  SCV x2  
  103  10:15  Starport  
  103  10:19  SCV x2  
  105  10:25  Bunker  
  105  10:29  Marine  
  105  10:31  SCV x2  
  108  10:40  Terran Vehicle And Ship Armor Level 2, Terran Ship Weapons Level 2  
  108  10:43  SCV  
  109  10:50  Supply Depot  
  109  11:04  Supply Depot  
  109  11:11  Command Center  
  109  11:12  SCV x2, Battlecruiser  
  109  11:13  Supply Depot  
  117  11:25  Marine, SCV, Battlecruiser  
  125  11:35  SCV x2, Battlecruiser  
  133  11:48  Command Center  
  133  12:01  Missile Turret  
  133  12:10  Missile Turret  
  133  12:18  Hi-Sec Auto Tracking  
  133  12:22  Marine  
  133  12:23  SCV x2, Missile Turret, Battlecruiser x2  
  148  12:31  Missile Turret  
  148  12:44  Missile Turret  
  148  12:52  Planetary Fortress  
  148  12:53  Missile Turret  
  148  12:59  SCV  
  148  13:00  Missile Turret  
  148  13:02  SCV x2  
  148  13:03  Refinery, Battlecruiser x2  
  163  13:19  Refinery  
  163  13:42  SCV x4  
  161  13:57  Command Center  
Show
View Real Time Build Order
Export as new Build Order

xObito Zerg - Winner!

Build Orders: Hatch First 

Get SALT Encoding   

  12  0:03  Drone  
  13  0:13  Overlord  
  13  0:17  Drone  
  14  0:32  Drone x2  
  16  0:49  Hatchery  
  15  0:52  Drone  
  15  0:55  Drone  
  17  0:59  Drone  
  18  1:09  Extractor  
  17  1:15  Spawning Pool  
  17  1:18  Drone  
  17  1:20  Drone  
  18  1:29  Drone  
  19  1:39  Overlord  
  19  1:54  Overlord  
  19  2:02  Queen x2  
  19  2:05  Zergling x2  
  19  2:06  Zergling x2  
  25  2:20  Drone  
  25  2:21  Drone  
  27  2:23  Metabolic Boost  
  27  2:28  Drone  
  27  2:29  Drone  
  29  2:35  Drone x2  
  31  3:16  Drone  
  31  3:21  Drone  
  31  3:22  Drone x10  
  42  3:38  Extractor  
  41  3:53  Drone  
  41  3:54  Drone x2  
  44  3:58  Overlord x3  
  44  3:59  Overlord x2  
  44  4:15  Evolution Chamber x3, Queen  
  43  4:17  Baneling Nest, Lair  
  42  4:29  Drone  
  42  4:30  Drone x3  
  42  4:31  Drone x2  
  48  4:33  Extractor  
  48  4:34  Drone x3  
  48  4:35  Extractor  
  48  4:36  Drone x3  
  52  4:46  Zerg Melee Weapons Level 1  
  52  4:47  Zerg Missile Weapons Level 1  
  52  4:48  Zerg Ground Armor Level 1  
  52  4:50  Queen  
  54  5:01  Zergling x2  
  54  5:02  Zergling x14  
  62  5:14  Queen  
  64  5:22  Centrifugal Hooks  
  64  5:26  Queen  
  66  5:46  Overlord x3  
  66  5:47  Overlord x2  
  66  5:50  Queen  
  66  5:51  Drone  
  69  6:02  Queen  
  71  6:07  Hatchery  
  70  6:17  Drone x5  
  75  6:22  Spore Crawler  
  75  6:25  Spore Crawler  
  73  6:28  Spore Crawler  
  72  6:35  Spore Crawler  
  72  6:39  Queen  
  73  6:41  Spore Crawler  
  72  6:48  Drone x4  
  72  6:49  Drone  
  72  6:54  Spore Crawler x2  
  76  6:55  Spore Crawler  
  76  6:56  Spore Crawler  
  76  6:58  Spore Crawler  
  72  7:16  Drone x13  
  72  7:17  Drone  
  86  7:27  Spore Crawler x2  
  84  7:48  Drone x2  
  84  7:50  Zergling x2  
  84  7:51  Zergling x12  
  93  8:01  Spore Crawler  
  93  8:02  Spore Crawler  
  91  8:06  Zerg Melee Weapons Level 2, Zerg Missile Weapons Level 2  
  91  8:07  Zerg Ground Armor Level 2  
  91  8:09  Zergling x2  
  91  8:10  Zergling x18  
  101  8:16  Baneling  
  101  8:17  Baneling x17  
  101  8:18  Baneling  
  101  8:38  Drone  
  102  8:47  Spire  
  101  8:49  Zergling x2  
  101  8:50  Zergling x26  
  74  9:59  Drone x2, Extractor  
  76  10:00  Drone, Extractor  
  76  10:01  Drone x3  
  76  10:02  Corruptor  
  76  10:03  Corruptor x5  
  90  10:14  Corruptor  
  90  10:15  Corruptor x10  
  112  10:22  Zerg Flyer Weapons Level 1  
  112  10:51  Hatchery  
  112  10:55  Drone, Hatchery  
  111  11:02  Corruptor x9  
  129  11:06  Infestation Pit  
  128  11:35  Overlord  
  128  11:36  Overlord x7  
  128  11:39  Extractor  
  127  11:43  Extractor  
  126  11:58  Hive  
  126  12:22  Corruptor  
  126  12:23  Corruptor x11  
  126  12:28  Zergling x14  
  126  12:29  Zergling x16  
  165  12:47  Drone  
  165  12:48  Drone x10  
  176  13:11  Drone  
  177  13:14  Drone x2  
  177  13:15  Drone  
  177  13:17  Drone x3  
  183  13:24  Baneling  
  183  13:25  Baneling x24  
  183  13:26  Baneling x5  
  183  13:40  Zergling x2  
  183  13:41  Zergling x32  
Tags
 
Add a new tag
Caveats
  • Supply blocks, unpowered buildings, or Contaminate may cause inaccurate times.
  • Supply counts are checked every 10 seconds.